 Dungeon Crawl Stone Soup version 0.28-b1-1-g3c77fb2ed1 (webtiles) character file.

Game seed: 10388106625358924271

2 croobank the Magician (level 1, -2/14 HPs)
             Began as a Ghoul Hedge Wizard on Jan 30, 2022.
             Slain by a kobold (4 damage)
             ... on level 1 of the Dungeon.
             The game lasted 00:00:39 (158 turns).

croobank the Magician (Ghoul Hedge Wizard)           Turns: 158, Time: 00:00:39

Health: -2/14      AC:  2    Str: 13    XL:     1   Next: 30%
Magic:  1/3        EV: 11    Int:  9    God:
Gold:   9          SH:  0    Dex:  8    Spells: 4/5 levels left

rFire   . . .      SeeInvis .   a - +0 dagger
rCold   + . .      Faith    .   (no shield)
rNeg    + + +      Spirit   .   b - +0 robe
rPois   ∞          Reflect  .   c - +0 hat
rElec   .          Harm     .   (no cloak)
rCorr   .          Rampage  .   (no gloves)
Will    .....                   (no boots)
Stlth   ++........              (no amulet)
HPRegen 0.00/turn               (no ring)
MPRegen 0.08/turn               (no ring)

@: very slightly contaminated, inhibited regen
A: claws 1, cold resistance 1, negative energy resistance 3, inhibited
regeneration, torment resistance 2
a: no special abilities


You were on level 1 of the Dungeon.
You visited 1 branch of the dungeon, and saw 1 of its levels.

You collected 9 gold pieces.

Inventory:

Hand Weapons
 a - a +0 dagger (weapon)
Armour
 b - a +0 robe (worn)
 c - a +0 hat (worn)


   Skills:
 + Level 1.7 Dodging
 + Level 2.1 Stealth
 + Level 2.8 Spellcasting
 + Level 0.7 Conjurations
 + Level 0.8 Summonings
 + Level 0.8 Translocations


You had 4 spell levels left.
You knew the following spells:

 Your Spells              Type           Power      Damage    Failure   Level
a - Magic Dart            Conj           8%         1d3       22%         1

Your spell library contained the following spells:

 Spells                   Type           Power      Damage    Failure   Level
 Slow                     Hex            4%         N/A       30%         1
 Blink                    Tloc           4%         N/A       32%         2
 Call Imp                 Summ           2%         N/A       32%         2
 Conjure Flame            Conj/Fire      1%         6-21      63%         3
 Mephitic Cloud           Conj/Pois/Air  1%         N/A       63%         3


Dungeon Overview and Level Annotations

Branches:
Dungeon (1/15)

Altars:


Innate Abilities, Weirdness & Mutations

You thrive by killing the living.
You are immune to poison.
You have sharp fingernails.
Your flesh is cold resistant. (rC+)
You are immune to negative energy. (rN+++)
You do not regenerate when monsters are visible.
You are immune to unholy pain and torment.


Message History

Press: ? - help, Shift-Dir - straight line, f/p - bat
Aim: a bat (severely wounded, 100% to hit)
The magic dart hits the bat.
You kill the bat!
Magic restored.
HP restored.
A kobold comes into view. It is wielding a +0 whip.
The kobold shouts!
A bat comes into view.
The bat moves out of view.
Found a scroll labelled GUOREE ANWANIO.
The kobold hits you with a +0 whip.
You hit the kobold but do no damage. The kobold hits you with a +0 whip.
You hit the kobold but do no damage. The bat hits you but does no damage.
The kobold closely misses you.
You closely miss the kobold. The bat hits you but does no damage.
The kobold hits you with a +0 whip.
Casting: Magic Dart (safe; 22% risk of failure)
Confirm with . or Enter, or press ? or * to list all spells.
Aiming: Magic Dart (safe; 22% risk of failure)
Press: ? - help, Shift-Dir - straight line, f - kobold
Aim: a kobold, wielding a +0 whip (100% to hit)
The magic dart hits the kobold.
The kobold is moderately wounded.
The bat hits you but does no damage. The kobold closely misses you.
Unknown command.
Casting: Magic Dart (safe; 22% risk of failure)
Confirm with . or Enter, or press ? or * to list all spells.
Aiming: Magic Dart (safe; 22% risk of failure)
Press: ? - help, Shift-Dir - straight line, f/p - kobold
Aim: a kobold, wielding a +0 whip (moderately wounded, 100% to hit)
You miscast Magic Dart.
You are very lightly contaminated with residual magic.
Nothing appears to happen.
The bat closely misses you. The kobold hits you with a +0 whip.
* * * LOW HITPOINT WARNING * * *
The bat hits you.
* * * LOW HITPOINT WARNING * * *
The kobold closely misses you. The bat misses you.
The kobold hits you with a +0 whip.
You die...

.......... ###.##.##.
#....#.. #....#.)
.........
#############...... #
#...........#...##.
.####.#.#########.#......
.......b@.......#.#..###.
#####.#.K.#####.#.#......
#......# #.##.###.
#......# #.##.###.
#......# #.##..##.
...$..... #.###.##.
##......... #........
#..?....... #####....
....#...


You could see a bat and a kobold.

Vanquished Creatures
  A goblin (D:1)
  A bat (D:1)
2 creatures vanquished.

Notes
Turn   | Place    | Note
-------+----------+-------------------------------------------
     0 | D:1      | croobank the Ghoul Hedge Wizard began the quest for the
                  | Orb.
     0 | D:1      | Reached XP level 1. HP: 14/14 MP: 3/3
   158 | D:1      | Slain by a kobold

Illustrated notes

Levels and vault maps discovered:
D:1:      grunt_arrival_crossed_arrows, layout_basic

Action                   || total
-------------------------++-------
Melee: Dagger            ||     5
 Cast: Magic Dart        ||     3
Armor: Robe              ||     6
Dodge: Dodged            ||     6
